 Dungeon Crawl Stone Soup version 0.24-a0-549-g45f0056d81 (webtiles) character file.

Game seed: 7195304673447191187

3212 Jannitor the Covert (level 9, 0/70 HPs)
             Began as a Spriggan Abyssal Knight on Aug 18, 2019.
             Was a Plaything of Xom.
             Slain by a thrashing horror (2 damage)
             ... created by the touch of Lugonu
             ... on level 8 of the Dungeon on Aug 19, 2019.
             The game lasted 00:23:00 (9462 turns).

Jannitor the Covert (Spriggan Abyssal Knight)       Turns: 9462, Time: 00:23:01

Health: 0/70       AC: 10    Str: 17    XL:     9   Next: 65%
Magic:  13/13      EV: 24    Int: 19    God:    Xom [..*...]
Gold:   368        SH:  0    Dex: 16    Spells: 2/8 levels left

rFire    . . .     SeeInvis +   x - +1 dagger (venom)
rCold    . . .     Gourm    .   (shield restricted)
rNeg     . . .     Faith    .   b - +0 robe
rPois    .         Spirit   .   (helmet restricted)
rElec    .         Reflect  .   u - +0 cloak
rCorr    .         Harm     .   (gloves unavailable)
MR       +....                  (boots unavailable)
Stlth    ..........             p - amulet of rage
HPRegen  0.21/turn              e - +5 ring of protection
MPRegen  0.13/turn              (no ring)

@: mighty, brilliant, berserking (expiring), contaminated, glowing, very quick
A: very small, unfitting armour, antennae 1, claws 1, icy blue scales 1, see
invisible, herbivore, speed 3, slow metabolism 2, strong 1
a: Renounce Religion, Evoke Berserk Rage


You were on level 8 of the Dungeon.
You worshipped Xom.
You were a toy of Xom.
You were hungry.

You visited 2 branches of the dungeon, and saw 10 of its levels.
You visited the Abyss 1 time.

You collected 368 gold pieces.

Inventory:

Hand Weapons
 a - a +1 short sword
 x - a +1 dagger of venom (weapon)
Missiles
 g - 4 atropa-tipped darts
 i - 10 boomerangs (quivered)
 y - 21 poisoned darts
Armour
 b - a +0 robe (worn)
 u - a +0 cloak (worn)
Jewellery
 e - a +5 ring of protection (left claw)
 p - an amulet of rage (around neck)
Wands
 h - a wand of random effects (25)
Scrolls
 f - 2 scrolls of remove curse
 j - 7 scrolls of identify
 l - 2 scrolls of magic mapping
 n - a scroll of amnesia
Potions
 d - a potion of ambrosia
 q - a potion of lignification
 t - a potion of mutation
 w - a potion of magic
Comestibles
 c - 14 rations


   Skills:
 + Level 5.2 Fighting
 + Level 6.4 Short Blades
 + Level 5.3 Throwing
 + Level 8.7 Dodging
 + Level 8.8 Stealth
 + Level 3.5 Hexes
   Level 4.6 Invocations


You had 2 spell levels left.
You knew the following spells:

 Your Spells              Type           Power        Failure   Level  Hunger
a - Confusing Touch       Hex            ####..       1%          1    ##.....
b - Yara's Violent Unrav  Hex/Tmut       ###.......   26%         5    ######.

Your spell library contained the following spells:

 Spells                   Type           Power        Failure   Level  Hunger
 Confuse                  Hex            ####....     1%          3    ####...
 Gell's Gravitas          Tloc           ##........   7%          3    ####...
 Petrify                  Tmut/Erth      ##......     21%         4    #####..
 Metabolic Englaciation   Hex/Ice        ###.......   26%         5    ######.


Dungeon Overview and Level Annotations

Branches:
Dungeon (9/15)             Temple (1/1) D:6
   Lair: D:8-11         Orc: D:9-12

Altars:
Ashenzari
Cheibriados
Dithmenos
Elyvilon
Fedhas
Gozag
Hepliaklqana
Kikubaaqudgha
Makhleb
Nemelex Xobeh
Okawaru
Qazlal
Ru
Sif Muna
Trog
Uskayaw
Vehumet
Wu Jian
Xom
Yredelemnul
Zin
The Shining One

Annotations:
D:4 3 runed translucent doors, exclusion: phantom, Gall2222's ghost, novice HOFi; Gargoyl's ghost, novice CeAK
D:5 exclusions: crimson imp and ice beast


Innate Abilities, Weirdness & Mutations

You are very small and have problems with some larger weapons.
You are too small for most types of armour.
You have supernaturally acute eyesight. (SInv)
You are a herbivore.
You cover ground extremely quickly.
You need to consume almost no food.
You have a pair of small antennae on your head.
You have sharp fingernails.
You are partially covered in icy blue scales. (AC +2)
Your muscles are strong. (Str +2)


Message History

* * * LOW HITPOINT WARNING * * *
You stumble backwards!
The thrashing horror tramples you.
* * * LOW HITPOINT WARNING * * *
You stumble backwards!
You puncture the thrashing horror!
The thrashing horror is moderately damaged.
You hit the thrashing horror but do no damage.
The thrashing horror is moderately damaged.
The thrashing horror barely misses you.
The thrashing horror completely misses you.
You puncture the thrashing horror!
The thrashing horror is moderately damaged.
The thrashing horror tramples you!
* * * LOW HITPOINT WARNING * * *
You stumble backwards!
You hit the thrashing horror but do no damage.
The thrashing horror is moderately damaged.
The thrashing horror misses you. The thrashing horror tramples you.
You die...
Xom bursts into laughter!

##....# #.....#
###..###########.####
##.).[...#####....#
#.#####....(.....#
#<# #########... #.#
####.........
#.####...x######..
#X##...#### #.#
#@#..### ###.# #...##
###...# ##### #...###
##.### # #.ยง#####
#.###... #####.###...
##.........##
#.....######


You could see a thrashing horror.

Vanquished Creatures
  A polar bear (shapeshifter) (D:7)
  Prince Ribbit (D:8)
  2 hippogriffs
  A hungry ghost (D:7)
  Edmund (D:4)
  A water moccasin (D:8)
  An orc warrior (D:6)
  A phantom (D:4)
  3 ogres
  2 bullfrogs
  2 scorpions
  4 killer bees (D:8)
  2 howler monkeys
  2 crimson imps
  5 hounds
  6 orc priests
  Jessica (D:2)
  Terence (D:3)
  An iguana (D:8)
  6 orc wizards
  9 worker ants
  2 hound zombies
  A hound skeleton (D:8)
  3 gnolls (D:4)
  14 adders
  An ooze (D:6)
  4 worms
  A dart slug (D:5)
  3 leopard geckos
  32 orcs
  10 giant cockroaches
  9 hobgoblins
  7 jackals
  4 quokkas
  2 ball pythons
  6 bats
  8 frilled lizards
  A giant cockroach zombie (D:5)
  11 goblins
  5 kobolds
  4 rats
181 creatures vanquished.

Notes
Turn   | Place    | Note
-------+----------+-------------------------------------------
     0 | Abyss:1  | Jannitor the Spriggan Abyssal Knight began the quest for
                  | the Orb.
     0 | Abyss:1  | Reached XP level 1. HP: 11/11 MP: 3/3
   101 | Abyss:2  | Noticed a thrashing horror
   102 | D:1      | Escaped the Abyss
   423 | D:1      | Reached skill level 1 in Stealth
   423 | D:1      | Reached XP level 2. HP: 16/16 MP: 4/4
   461 | D:1      | Reached * piety under Lugonu
  1177 | D:2      | Reached XP level 3. HP: 19/19 MP: 5/5
  1197 | D:2      | You fall into a shaft and drop 1 floor!
  1336 | D:2      | Found an iron altar of Okawaru.
  1412 | D:3      | You fall into a shaft and drop 3 floors!
  1418 | D:6      | Noticed a bullfrog
  1425 | D:6      | Killed a bullfrog
  1425 | D:6      | Reached skill level 1 in Throwing
  1425 | D:6      | Reached XP level 4. HP: 22/23 MP: 6/6
  1426 | D:6      | Upgraded the game from 0.24-a0-545-gd1b266bae6 to
                  | 0.24-a0-549-g45f0056d81
  1545 | D:6      | Reached XP level 5. HP: 24/28 MP: 8/8
  1904 | D:5      | Entered Level 5 of the Dungeon
  2018 | D:5      | Reached skill level 5 in Dodging
  2018 | D:5      | Reached XP level 6. HP: 25/32 MP: 9/9
  2023 | D:5      | Noticed an ice beast
  2147 | D:5      | Reached ** piety under Lugonu
  2308 | D:4      | Found a runed translucent gate.
  2308 | D:4      | Found a runed translucent gate.
  2308 | D:4      | Found a runed translucent gate.
  2308 | D:4      | Noticed Gall2222's ghost (novice HOFi)
  2309 | D:4      | Noticed Gargoyl's ghost (novice CeAK)
  2330 | D:4      | Noticed Edmund
  2743 | D:4      | Killed Edmund
  3516 | D:4      | Reached XP level 7. HP: 36/36 MP: 10/10
  3544 | D:3      | Noticed Terence
  3576 | D:4      | You fall into a shaft and drop 1 floor!
  4299 | D:5      | Reached skill level 5 in Stealth
  4515 | D:4      | Found an ancient bone altar of Kikubaaqudgha.
  4744 | D:3      | Reached *** piety under Lugonu
  4788 | D:3      | Killed Terence
  4997 | D:3      | Found a stormy altar of Qazlal.
  5165 | D:2      | Noticed Jessica
  5181 | D:2      | Killed Jessica
  5198 | D:2      | Found a hazy altar of Hepliaklqana.
  5705 | D:2      | Found a white marble altar of Elyvilon.
  5705 | D:2      | Found a glowing golden altar of the Shining One.
  5707 | D:2      | Found an opulent altar of Gozag.
  5794 | D:2      | Found a burning altar of Makhleb.
  5910 | D:3      | Reached XP level 8. HP: 34/42 MP: 12/12
  6690 | D:4      | Reached skill level 5 in Short Blades
  6969 | D:6      | Found a staircase to the Ecumenical Temple.
  6981 | Temple   | Entered the Ecumenical Temple
  7076 | Temple   | Fell from the grace of Lugonu
  7076 | Temple   | Became a worshipper of Xom the Less-Predictable
  7127 | D:7      | Found a shattered altar of Ashenzari.
  7151 | D:7      | Found a shadowy altar of Dithmenos.
  7180 | D:7      | Found a snail-covered altar of Cheibriados.
  7433 | D:7      | XOM: confuse monster(s)
  7441 | D:7      | XOM: harmless Necr miscast
  7446 | D:7      | XOM: cast spell 'Olgreb's Toxic Radiance'
  7453 | D:7      | Learned a level 1 spell: Confusing Touch
  7459 | D:7      | Learned a level 5 spell: Yara's Violent Unravelling
  7636 | D:7      | XOM: harmless Summ miscast
  7642 | D:7      | Reached skill level 1 in Hexes
  7645 | D:7      | XOM: divination: magic mapping
  7704 | D:6      | XOM: harmless Pois miscast
  7748 | D:7      | Noticed a large abomination
  7748 | D:7      | Noticed a small abomination
  7755 | D:7      | XOM: harmless Pois miscast
  7786 | D:7      | Noticed a hippogriff
  7800 | D:7      | XOM: cleaving
  7802 | D:7      | XOM: summons friendly shadow imp
  7822 | D:7      | Killed a hippogriff
  7822 | D:7      | Reached XP level 9. HP: 19/46 MP: 13/13
  7969 | D:7      | XOM: give mutations
  7969 | D:7      | Gained mutation: Your muscles are strong. (Str +2) [Xom's
                  | grace]
  7969 | D:7      | Gained mutation: You have sharp fingernails. [Xom's grace]
  7969 | D:7      | Gained mutation: You have a pair of small antennae on your
                  | head. [Xom's grace]
  7969 | D:7      | Gained mutation: You are partially covered in icy blue
                  | scales. (AC +2) [Xom's grace]
  8206 | D:8      | XOM: god gift: 6 rations
  8340 | D:8      | Noticed Prince Ribbit
  8356 | D:8      | XOM: polymorph killer bee -> howler monkey
  8406 | D:8      | XOM: scenery: create altars
  8414 | D:8      | XOM: polymorph killer bee -> howler monkey
  8415 | D:8      | XOM: polymorph howler monkey -> shapeshifter
  8415 | D:8      | Noticed a polar bear
  8415 | D:8      | a shapeshifter changed into a polar bear
  8447 | D:7      | Killed a polar bear
  8481 | D:8      | XOM: polymorph howler monkey -> hound
  8535 | D:8      | Reached skill level 5 in Fighting
  8535 | D:8      | Reached skill level 5 in Throwing
  8540 | D:8      | XOM: scenery: create altars
  8662 | D:7      | Noticed an ancient zyme
  8677 | D:7      | XOM: polymorph small abomination -> small abomination
  8834 | D:8      | XOM: summons friendly crimson imp
  8856 | D:8      | Killed Prince Ribbit
  9117 | D:8      | XOM: scenery: create altars
  9144 | D:8      | XOM: god gift: scroll labeled NURPHI OGRO {god gift}
  9229 | D:8      | Noticed a thrashing horror
  9234 | D:8      | XOM: cleaving
  9258 | D:8      | XOM: confuse monster(s)
  9268 | D:9      | XOM: cleaving
  9364 | D:8      | XOM: god gift: 11 stones
  9384 | D:8      | XOM: harmless Air miscast
  9419 | D:8      | Noticed a thrashing horror
  9454 | D:8      | XOM: potion effect (brilliance)
  9458 | D:8      | XOM: potion effect (might)
  9461 | D:8      | HP: 2/70 [thrashing horror[the touch of Lugonu] (7)]
  9462 | D:8      | Slain by a thrashing horror

Levels and vault maps discovered:
D:1:      evilmike_arrival_plus, layout_rooms
D:2:      lemuel_upstairs_altar, layout_loops_ring, makhleb_blood_cavern_becter,
          lemuel_doored_altar, chequers_temple_overflow_statue_of_worship,
          first_ration, uniq_jessica
D:3:      layout_loops_ring, grunt_qazlal_sundering, uniq_terence
D:4:      layout_rooms, lemuel_round_altar, gammafunk_ghost_cemetery,
          uniq_edmund
D:5:      layout_layer_cave, serial_glass, glass_columns_b, glass_columns_a
D:6:      layout_basic, minmay_temple_entry_poolview, hangedman_decor_opposing
D:7:      layout_basic, cheibriados_altar_1, evilmike_ruin_ashenzari,
          grunt_dithmenos_smoke
D:8:      layout_rooms, uniq_prince_ribbit1
D:9:      layout_cave_pods, basic_altar
Temple:   nicolae_temple_hex_pool

Skill      XL: |  1  2  3  4  5  6  7  8  9 |
---------------+----------------------------+-----
Stealth        | 1 2 3 4 5 7 8 |  8.8
Invocations    | 2 3 4 |  4.6
Dodging        | 4 5 6 7 8 |  8.7
Short Blades   | 3 4 5 6 |  6.4
Throwing       | 1 2 3 4 5 |  5.3
Fighting       | 3 4 5 |  5.2
Hexes          | 1 3 |  3.5

Action                   |  1- 3 |  4- 6 |  7- 9 || total
-------------------------+-------+-------+-------++-------
Melee: Short sword       |   146 |   238 |   106 ||   490
       Dagger            |       |       |   511 ||   511
Throw: Dart              |       |    16 |    17 ||    33
       Boomerang         |       |     2 |    14 ||    16
Invok: Depart the Abyss  |     1 |       |       ||     1
 Abil: Evoke Berserk Rag |       |       |     1 ||     1
Evoke: Wand              |       |       |     2 ||     2
  Use: Scroll            |     2 |       |    14 ||    16
       Potion            |       |     6 |     4 ||    10
 Stab: Sleeping          |     5 |     5 |    15 ||    25
       Invisible         |       |     6 |     2 ||     8
       Distracted        |       |       |     4 ||     4
       Confused          |       |       |     1 ||     1
  Eat: Ration            |       |       |     4 ||     4
Armor: Robe              |    21 |    42 |    77 ||   140
Dodge: Dodged            |   140 |   232 |   499 ||   871

Table legend:
 A = Non-vault XP
 B = Vault XP
 C = Vault XP percentage of total XP
 D = Non-vault monster count
 E = Vault monster count
 F = Vault count percentage of total count
                 A         B        C        D         E       F
            +---------+---------+-------+---------+---------+-------
      Total |    4034 |     555 |  12.1 |     176 |       5 |   2.8
            +---------+---------+-------+---------+---------+-------
        D:1 |      35 |       0 |   0.0 |      21 |       0 |   0.0
        D:2 |      80 |      79 |  49.7 |      22 |       2 |   8.3
        D:3 |     228 |      36 |  13.6 |      22 |       1 |   4.3
        D:4 |     766 |     166 |  17.8 |      30 |       1 |   3.2
        D:5 |     422 |       0 |   0.0 |      25 |       0 |   0.0
        D:6 |     343 |       0 |   0.0 |       8 |       0 |   0.0
        D:7 |    1012 |       0 |   0.0 |      21 |       0 |   0.0
        D:8 |    1148 |     274 |  19.3 |      27 |       1 |   3.6
            +---------+---------+-------+---------+---------+-------
